 Dungeon Crawl Stone Soup version 0.21-a0-171-g0f4a3b6 (webtiles) character file.

103987 codm the Fencer (level 15, -8/117 HPs)
             Began as a Demonspawn Fighter on Aug 7, 2017.
             Was the Champion of Cheibriados.
             Mangled by a deep troll earth mage (10 damage)
             ... on level 1 of the Depths.
             The game lasted 00:45:51 (27006 turns).

codm the Fencer (Demonspawn Fighter)               Turns: 27006, Time: 00:45:51

Health: -8/117     AC: 22    Str: 40    XL:     15   Next: 90%
Magic:  0/34       EV: 20    Int: 29    God:    Cheibriados [******]
Gold:   1405       SH:  0    Dex: 28    Spells: 14/14 levels left

rFire    . . .     SeeInvis +   D - +5 great sword (flame)
rCold    . . .     Gourm    .   (shield currently unavailable)
rNeg     . . .     Faith    .   j - +6 acid dragon scales
rPois    .         Spirit   +   w - +2 hat
rElec    +         Reflect  .   (no cloak)
rCorr    +         Harm     .   I - +0 pair of gloves {Str+3}
MR       +....                  k - +0 pair of boots
Stlth    ++........             (no amulet)
HPRegen  0.29/turn              m - ring of see invisible
MPRegen  0.48/turn              Q - ring of magical power

@: studying Ice Magic, very slow
A: horns 2, thin metallic scales 3, clever 1, demonic guardian 3, strong 1,
magic shield, magic regeneration
a: Bend Time, Temporal Distortion, Slouch, Step From Time, Renounce Religion


You were on level 1 of the Depths.
You worshipped Cheibriados.
Cheibriados was exalted by your worship.
You were not hungry.

You visited 4 branches of the dungeon, and saw 24 of its levels.
You also visited: Sewer and Ice Cave.

You collected 3019 gold pieces.
You spent 1614 gold pieces at shops.

Inventory:

Hand Weapons
 D - a +5 great sword of flaming (weapon)
Armour
 j - +6 acid dragon scales (worn)
 k - a +0 pair of boots (worn)
 s - a +0 buckler
 w - a +2 hat (worn)
 I - a +0 pair of gloves of strength (worn)
Magical Staves
 S - an uncursed staff of conjuration
Jewellery
 m - a ring of see invisible (left hand)
 u - a +6 ring of intelligence
 x - an uncursed ring of protection from fire
 Q - a ring of magical power (right hand)
 V - an uncursed ring of positive energy
 Y - an uncursed ring of protection from cold
Wands
 b - a wand of iceblast (5/15)
Scrolls
 g - 3 scrolls of magic mapping
 l - 9 scrolls of remove curse
 n - 10 scrolls of identify
 r - 11 scrolls of teleportation
 t - 8 scrolls of blinking
 G - 4 scrolls of enchant armour
 H - 2 scrolls of amnesia
 J - 2 scrolls of fog
 O - a scroll of fear
 P - a scroll of immolation
 T - 4 scrolls of recharging
 X - 4 scrolls of torment
Potions
 a - a potion of lignification
 d - a potion of might
 h - 8 potions of flight
 q - 9 potions of curing
 z - 3 potions of magic
 A - 4 potions of heal wounds
 F - 3 potions of mutation
 K - a potion of agility
 L - 4 potions of cancellation
 M - 3 potions of brilliance
 R - 3 potions of invisibility
Books
 B - a manual of Ice Magic
 E - a manual of Ice Magic
Comestibles
 f - 10 bread rations
 i - 17 meat rations
 p - 4 royal jellies
 C - 18 fruits


   Skills:
 + Level 10.7 Fighting
 * Level 18.7 Long Blades
 + Level 6.8 Armour
 + Level 8.1 Dodging
 - Level 5.0 Shields
 * Level 14.2 Invocations


You had 14 spell levels left.
You didn't know any spells.

Dungeon Overview and Level Annotations

Branches:
Dungeon (15/15)            Temple (0/1) D:5            Lair (6/6) D:8
 Shoals (0/4) Lair:2       Spider (0/4) Lair:2        Slime (0/5) Lair:5
    Orc (2/2) D:9             Elf (0/3) Orc:2        Vaults (0/5) D:13
 Depths (1/5) D:15

Altars:
Ashenzari
Cheibriados
Dithmenos
Fedhas
Gozag
Hepliaklqana
Nemelex Xobeh
Ru
Sif Muna
Trog
Uskayaw
Vehumet
Wu Jian
Yredelemnul
Zin
The Shining One
Beogh
Jiyva

Shops:
D:4 ?   D:7 (   Orc:2 !%?*


Innate Abilities, Weirdness & Mutations

You have a pair of horns on your head.
You are completely covered in thin metallic scales. (AC +4, rElec)
A powerful demonic guardian rushes to your aid.
When hurt, damage is shared between your health and your magic reserves.
You regenerate magic rapidly.
Your mind is acute. (Int +2)
Your muscles are strong. (Str +2)


Message History

The deep troll earth mage bites you!! The deep troll earth mage claws you!!
* * * LOW HITPOINT WARNING * * *
The deep troll earth mage barely misses you.
The deep troll bites your lorocyproca but does no damage.
The deep troll claws your lorocyproca but does no damage.
The deep troll claws your lorocyproca.
You are too injured to fight recklessly!
Unknown command.
You are too injured to fight recklessly!
Unknown command.
You are too injured to fight recklessly!
Unknown command.
You are too injured to fight recklessly!
You hit the deep troll earth mage. You burn the deep troll earth mage.
Your headbutt misses the deep troll earth mage.
The deep troll earth mage is lightly wounded.
The deep troll earth mage bites you!!
* * * LOW HITPOINT WARNING * * *
The deep troll earth mage claws you!
You die...

########################
#......................#
###......................#
..'.♣♣♣♣♣♣.....).........#
###.♣ ♣..((.).........+
#.♣ ♣((....##.......# #.♣
#♣(.....T........#
#.♣♣♣♣♣.....#T2........#
#..........#..@........#
#.........#............#
#.....(.##.............#
##.....###..............#
#......................##
#......................#
#......................#
#......................#
#........^........[.####


You could see a deep troll, a deep troll earth mage and a friendly lorocyproca
(invisible).

Vanquished Creatures
  The ghost of postal the Imperceptible, an adept OpFi of Gozag (Depths:1)
  Kirke (Lair:6)
  An orc warlord (Orc:1)
  The ghost of Tungsten the Bringer of Life, a journeyman HaHu of Elyvilon (Lair:5)
  An ettin (Depths:1)
  Josephine (D:10)
  A yaktaur captain (D:15)
  Fannar (D:11)
  3 hydras
  Erolcha (D:11)
  An ice dragon (Lair:6)
  3 catoblepae
  3 vault guards (D:13)
  A catoblepas (shapeshifter) (D:15)
  3 centaur warriors
  5 two-headed ogres
  A death yak (Lair:5)
  2 deep troll shamans (Depths:1)
  A deep troll earth mage (Depths:1)
  3 orc high priests (Orc:2)
  A deep troll (Depths:1)
  3 unseen horrors
  2 wizards
  4 lindwurms (Lair:6)
  A wolf spider zombie (D:12)
  3 necromancers
  8 cyclopes
  4 orc knights
  A deep elf mage (D:14)
  6 ugly things
  2 orc sorcerers (Orc:2)
  A manticore (Lair:6)
  9 black mambas
  An ice statue (IceCv)
  4 centaur zombies
  A merfolk siren (Lair:2)
  Psyche (D:10)
  A gargoyle (D:13)
  5 rime drakes
  3 torpor snails (Lair:6)
  15 spiny frogs
  10 freezing wraiths (IceCv)
  9 komodo dragons
  5 yaktaurs (D:15)
  A merfolk (D:10)
  11 trolls
  A polar bear (D:10)
  5 hornets (Lair:6)
  A jumping spider (shapeshifter) (D:15)
  7 blink frogs
  7 slime creatures
  A wolf spider simulacrum (IceCv)
  2 tyrant leeches (Lair:6)
  7 hippogriffs
  A vampire (D:13)
  2 shadows
  2 wraiths (D:10)
  2 wyverns
  A water elemental (D:15)
  A hog (Lair:6)
  29 yaks
  3 basilisks
  18 humans (D:13)
  2 vampire mosquitoes (D:12)
  A death yak simulacrum (IceCv)
  3 wargs
  The ghost of Gruesome the Changer, an amateur OpTm (D:4)
  A soldier ant (D:10)
  12 water moccasins
  6 porcupines
  2 black bears
  9 ice beasts
  A sky beast (D:5)
  40 orc warriors
  A hornet zombie (D:15)
  An eye of draining (D:13)
  3 boggarts (D:14)
  3 phantoms
  An alligator simulacrum (IceCv)
  A necrophage (D:8)
  15 ogres
  6 centaurs
  10 crocodiles
  8 wolves
  A big kobold (shapeshifter) (D:13)
  A wyvern zombie (D:9)
  16 bullfrogs
  A wyvern skeleton (D:8)
  5 scorpions
  A killer bee (D:11)
  An elephant simulacrum (IceCv)
  9 electric eels
  6 howler monkeys
  3 crimson imps
  3 bullfrog zombies
  A draconian simulacrum (IceCv)
  9 jellies
  7 hounds
  A gnoll shaman (D:8)
  42 orc priests
  3 bullfrog skeletons
  6 centaur skeletons
  8 iguanas
  29 orc wizards
  10 worker ants
  A spriggan simulacrum (IceCv)
  6 troll simulacra (IceCv)
  3 centaur simulacra (IceCv)
  A bullfrog simulacrum (D:10)
  A hound skeleton (D:6)
  A killer bee simulacrum (D:10)
  3 worker ant zombies
  4 gnolls (D:8)
  15 adders
  2 ogre simulacra (IceCv)
  3 river rats (D:4)
  7 naga simulacra (IceCv)
  2 shadow imps
  14 white imps
  An ufetubus (D:10)
  3 oozes (Sewer)
  An adder zombie (D:5)
  An adder skeleton (D:9)
  11 worms
  3 dart slugs
  4 leopard geckos
  127 orcs
  14 bats
  6 giant cockroaches
  7 goblins
  6 hobgoblins
  4 jackals (Sewer)
  4 quokkas
  5 ball pythons
  8 frilled lizards
  6 kobolds
  A quokka skeleton (D:5)
  2 quokka zombies
  5 rats
809 creatures vanquished.

Vanquished Creatures (collateral kills)
  The ghost of Xenophilius the Devastator, a journeyman TeFE of Vehumet (Lair:5)
  2 hydras
  A centaur warrior (Depths:1)
  4 death yaks (Lair:5)
  A two-headed ogre (D:11)
  2 orc high priests (Orc:2)
  An unseen horror (D:11)
  A wizard (D:13)
  6 orc knights (Orc:2)
  2 ugly things
  3 manticores
  A black mamba (Lair:6)
  2 torpor snails (Lair:6)
  A kobold demonologist (D:11)
  A rime drake (Lair:6)
  An efreet (D:15)
  2 trolls (Orc:1)
  A hornet (Lair:6)
  A tyrant leech (Lair:6)
  A centaur simulacrum (D:10)
  A wraith (D:10)
  7 yaks
  A hog (Lair:6)
  A basilisk (Lair:6)
  A hungry ghost (D:9)
  10 orc warriors
  An ice beast (D:10)
  A sky beast (D:6)
  2 wolves (D:10)
  An ogre (D:8)
  2 bullfrogs
  2 orc priests
  2 orc wizards
  A worker ant (D:5)
  An adder (D:6)
  A white imp (D:10)
  An adder skeleton (D:10)
  10 orcs
81 creatures vanquished.

Vanquished Creatures (others)
  A human (Lair:6)
  2 orcs (D:8)
  6 fungi (Lair:6)
  13 plants
22 creatures vanquished.

Grand Total: 912 creatures vanquished

Notes
Turn   | Place    | Note
-------+----------+-------------------------------------------
     0 | D:1      | codm the Demonspawn Fighter began the quest for the Orb.
     0 | D:1      | Reached XP level 1. HP: 18/18 MP: 1/1
   378 | D:1      | Gained mutation: When hurt, damage is shared between your health and your magic reserves. [demonic ancestry]
   378 | D:1      | Reached XP level 2. HP: 22/24 MP: 2/2
   540 | D:1      | Reached skill level 2 in Long Blades
   950 | D:2      | Reached XP level 3. HP: 27/29 MP: 1/3
   972 | D:2      | Found a shattered altar of Ashenzari.
  1259 | D:2      | Found an ornate altar of the Wu Jian Council.
  1428 | D:2      | Noticed a hand axe
  1429 | D:2      | Found a hide-covered altar of Uskayaw.
  1429 | D:2      | Noticed a hand axe
  2005 | D:3      | Noticed a centaur
  2018 | D:3      | Killed a centaur
  2018 | D:3      | Reached skill level 3 in Long Blades
  2018 | D:3      | Gained mutation: You have a pair of small horns on your head. [demonic ancestry]
  2018 | D:3      | Reached XP level 4. HP: 12/35 MP: 0/4
  2337 | D:3      | Gained mutation: A weak demonic guardian rushes to your aid. [demonic ancestry]
  2337 | D:3      | Reached XP level 5. HP: 37/41 MP: 3/5
  2532 | D:3      | Found a shadowy altar of Dithmenos.
  2883 | D:3      | Reached skill level 1 in Dodging
  3201 | D:4      | Noticed Gruesome's ghost (amateur OpTm)
  3207 | D:4      | Killed Gruesome's ghost
  3207 | D:4      | Reached skill level 4 in Long Blades
  3207 | D:4      | Reached XP level 6. HP: 41/47 MP: 6/6
  3216 | D:4      | Found Lagikkusm's Magic Scroll Boutique.
  3234 | D:4      | Reached skill level 5 in Long Blades
  3248 | D:4      | Bought a scroll of blinking for 97 gold pieces
  3248 | D:4      | Bought a scroll of identify for 26 gold pieces
  3370 | D:4      | Gained mutation: You regenerate magic rapidly. [demonic ancestry]
  3370 | D:4      | Reached XP level 7. HP: 26/52 MP: 7/7
  3418 | D:4      | Found a glowing drain.
  3426 | Sewer    | Entered a sewer
  3923 | Sewer    | Got a distressingly furry hat
  3934 | Sewer    | Identified the +0 hat "Miff" {*Corrode rElec Int+4 Dex+2} (You found it in a sewer)
  4154 | D:4      | Reached skill level 6 in Long Blades
  4298 | D:4      | Bought a scroll of teleportation for 39 gold pieces
  4298 | D:4      | Bought a scroll of identify for 26 gold pieces
  4323 | D:4      | Found a snail-covered altar of Cheibriados.
  4422 | D:4      | Became a worshipper of Cheibriados the Contemplative
  4488 | D:4      | Found a glowing golden altar of the Shining One.
  4488 | D:4      | Found a radiant altar of Vehumet.
  4571 | D:5      | Entered Level 5 of the Dungeon
  4582 | D:5      | Reached skill level 1 in Invocations
  4586 | D:5      | Gained mutation: You are agile. (Dex +2) [mutagenic meat]
  4592 | D:5      | Found a staircase to the Ecumenical Temple.
  4780 | D:5      | Found a bloodstained altar of Trog.
  4830 | D:5      | Gained mutation: You are partially covered in thin metallic scales. (AC +2) [demonic ancestry]
  4830 | D:5      | Reached XP level 8. HP: 60/60 MP: 9/9
  4867 | D:5      | Found an opulent altar of Gozag.
  4867 | D:5      | Found a sparkling altar of Nemelex Xobeh.
  4976 | D:5      | Reached * piety under Cheibriados
  5174 | D:5      | Reached skill level 7 in Long Blades
  5175 | D:5      | Found a glowing silver altar of Zin.
  5240 | D:5      | Found a sacrificial altar of Ru.
  5264 | D:5      | Found a deep blue altar of Sif Muna.
  5652 | D:5      | Found a basalt altar of Yredelemnul.
  5988 | D:6      | Reached ** piety under Cheibriados
  6014 | D:6      | Reached skill level 8 in Long Blades
  6014 | D:6      | Reached skill level 5 in Shields
  6373 | D:7      | Reached XP level 9. HP: 61/65 MP: 10/12
  6377 | D:7      | Found Ylui's Weapon Shoppe.
  6537 | D:7      | Found a deep blue altar of Sif Muna.
  6852 | D:8      | Reached *** piety under Cheibriados
  6894 | D:8      | Reached skill level 9 in Long Blades
  7046 | D:8      | Noticed a purple ugly thing
  7056 | D:8      | Killed a purple ugly thing
  7056 | D:8      | Reached skill level 5 in Invocations
  7129 | D:8      | Found a staircase to the Lair.
  7516 | D:8      | Noticed a cyclops
  7518 | D:8      | Lost mutation: You are agile. (Dex +2) [potion of mutation]
  7518 | D:8      | Gained mutation: Your muscles are strong. (Str +2) [potion of mutation]
  7518 | D:8      | Gained mutation: Your mind is acute. (Int +2) [potion of mutation]
  7528 | D:8      | Reached **** piety under Cheibriados
  7540 | D:8      | Killed a cyclops
  7540 | D:8      | Reached skill level 10 in Long Blades
  7540 | D:8      | Gained mutation: A demonic guardian rushes to your aid. [demonic ancestry]
  7540 | D:8      | Reached XP level 10. HP: 68/73 MP: 11/14
  7909 | D:9      | Reached skill level 5 in Fighting
  8054 | D:9      | Found a blossoming altar of Fedhas.
  8330 | D:9      | Reached ***** piety under Cheibriados
  8349 | D:9      | Found a staircase to the Orcish Mines.
  8422 | D:9      | Noticed a two-headed ogre
  8429 | D:9      | Killed a two-headed ogre
  8923 | D:9      | Found a hazy altar of Hepliaklqana.
  9018 | D:10     | Entered Level 10 of the Dungeon
  9021 | D:10     | Noticed Psyche
  9022 | D:10     | Reached skill level 11 in Long Blades
  9031 | D:10     | Killed Psyche
  9614 | D:10     | Noticed Josephine
  9627 | D:10     | Killed Josephine
  9627 | D:10     | Gained mutation: You are mostly covered in thin metallic scales. (AC +3) [demonic ancestry]
  9627 | D:10     | Reached XP level 11. HP: 43/81 MP: 9/16
 10153 | D:10     | Reached skill level 12 in Long Blades
 10262 | D:11     | Noticed a cyan ugly thing
 10267 | D:11     | Killed a cyan ugly thing
 10739 | D:11     | Reached skill level 5 in Dodging
 10748 | D:11     | Noticed Fannar
 10756 | D:11     | Killed Fannar
 10872 | D:11     | Noticed an unseen horror
 10874 | D:11     | Killed an unseen horror
 10876 | D:11     | Noticed a two-headed ogre
 10879 | D:11     | Killed a two-headed ogre
 10930 | D:11     | Noticed a cyan ugly thing
 10936 | D:11     | Killed a cyan ugly thing
 10936 | D:11     | Reached ****** piety under Cheibriados
 10936 | D:11     | Reached skill level 13 in Long Blades
 11267 | D:11     | Noticed Erolcha
 11276 | D:11     | Killed Erolcha
 11361 | D:11     | Noticed a two-headed ogre
 11365 | D:11     | Killed a two-headed ogre
 12099 | D:11     | Reached skill level 5 in Armour
 12237 | Orc:1    | Entered Level 1 of the Orcish Mines
 12277 | Orc:1    | Gained mutation: A powerful demonic guardian rushes to your aid. [demonic ancestry]
 12277 | Orc:1    | Reached XP level 12. HP: 84/89 MP: 16/18
 12380 | Orc:1    | Found a roughly hewn altar of Beogh.
 12409 | Orc:1    | Noticed an orc warlord
 12428 | Orc:1    | Killed an orc warlord
 12935 | Orc:2    | Entered Level 2 of the Orcish Mines
 13166 | Orc:2    | Reached skill level 14 in Long Blades
 13383 | Orc:2    | Found a staircase to the Elven Halls.
 13557 | Orc:2    | Reached skill level 10 in Invocations
 13564 | Orc:2    | Noticed an orc high priest
 13569 | Orc:2    | Killed an orc high priest
 13575 | Orc:2    | Noticed an orc high priest
 13576 | Orc:2    | Noticed an orc high priest
 14001 | Orc:2    | Killed an orc high priest
 14209 | Orc:2    | Killed an orc high priest
 14488 | Orc:2    | Reached skill level 15 in Long Blades
 14945 | Orc:2    | Gained mutation: You are completely covered in thin metallic scales. (AC +4, rElec) [demonic ancestry]
 14945 | Orc:2    | Reached XP level 13. HP: 96/96 MP: 20/20
 14968 | Orc:2    | Found Bimuniu's Assorted Antiques.
 14973 | Orc:2    | Found Pioxang's Food Shop.
 15174 | Orc:2    | Found Qarukodd's Distillery.
 15175 | Orc:2    | Found Duuj's Magic Scroll Boutique.
 15186 | Orc:2    | Bought a paperback book for 465 gold pieces
 15186 | Orc:2    | Bought a potion of heal wounds for 155 gold pieces
 15186 | Orc:2    | Bought a scroll of enchant weapon for 232 gold pieces
 15190 | Orc:2    | Bought 3 scrolls of enchant armour for 292 gold pieces
 15190 | Orc:2    | Bought a scroll of teleportation for 39 gold pieces
 15190 | Orc:2    | Bought a scroll of identify for 26 gold pieces
 15190 | Orc:2    | Bought a scroll of magic mapping for 45 gold pieces
 15191 | Orc:2    | Bought a potion of heal wounds for 75 gold pieces
 15196 | Orc:2    | Bought a scroll of enchant armour for 97 gold pieces
 15446 | Lair:1   | Entered Level 1 of the Lair of Beasts
 16359 | Lair:2   | Found a hole to the Spider Nest.
 16370 | Lair:2   | Identified the Almanac of Icy Envenoming
 17206 | Lair:2   | Found a staircase to the Shoals.
 18249 | Lair:4   | Reached skill level 16 in Long Blades
 18994 | Lair:5   | Noticed Xenophilius's ghost (journeyman TeFE)
 18997 | Lair:5   | Killed Xenophilius's ghost
 19024 | Lair:5   | Noticed Tungsten's ghost (journeyman HaHu)
 19029 | Lair:5   | Killed Tungsten's ghost
 19422 | Lair:5   | Found a viscous altar of Jiyva.
 19423 | Lair:5   | Found a staircase to the Slime Pits.
 19538 | Lair:6   | Entered Level 6 of the Lair of Beasts
 19567 | Lair:6   | Reached XP level 14. HP: 61/106 MP: 18/22
 20440 | Lair:6   | Reached skill level 17 in Long Blades
 20526 | Lair:6   | Noticed Kirke
 20534 | Lair:6   | Killed Kirke
 20577 | Lair:6   | Found a runed door.
 21831 | D:12     | Found a frozen archway.
 21847 | IceCv    | Entered an ice cave
 22110 | IceCv    | Found an ancient bone altar of Kikubaaqudgha.
 22825 | D:12     | Got a pitted long sword
 22826 | D:12     | Identified the +3 long sword of Dissolution {freeze, rElec} (You found it on level 12 of the Dungeon)
 22946 | D:12     | Gained mutation: You have a pair of horns on your head. [demonic ancestry]
 22946 | D:12     | Reached XP level 15. HP: 114/114 MP: 24/24
 23277 | D:13     | Found a gate to the Vaults.
 23736 | D:13     | Reached skill level 10 in Fighting
 24164 | D:14     | Reached skill level 18 in Long Blades
 25278 | D:15     | Entered Level 15 of the Dungeon
 26490 | D:15     | Found a staircase to the Depths.
 26802 | Depths:1 | Entered Level 1 of the Depths
 26810 | Depths:1 | Noticed postal's ghost (adept OpFi)
 26818 | Depths:1 | Killed postal's ghost
 27006 | Depths:1 | HP: 2/117 [deep troll earth mage (17)]
 27006 | Depths:1 | Mangled by a deep troll earth mage

Vault maps used:
D:1:      scummos_arrival_checkerplants
D:2:      evilmike_ruin_ashenzari, dancing_weapons_uskayaw, old_standard_altar,
          kennysheep_decorative_pillar, minivault_4, hangedman_decor_growths
D:3:      grunt_dithmenos_smoke, minmay_misc_feat_doors
D:4:      cheibriados_altar_1, gammafunk_temple_overflow_wave, serial_shops,
          shop, lightli_sewer_entry_pipes, first_bread, minmay_cut_off
D:5:      grunt_temple_overflow_opulence, overflow_temple_1_default,
          kennysheep_mini, nicolae_ru_path_of_blood,
          lemuel_coloured_pillars_altar, nicolae_overflow_crystal_walls,
          minmay_temple_entry_crystal_x
D:6:      wad_pebble_path, st_stairs_10
D:7:      serial_shops, nicolae_shop_crystal, basic_altar
D:8:      dpeg_oklobed_lair
D:9:      fedhas_altar_1, nicolae_overflow_hidden_temple, hiddenorc1_lemuel,
          serial_curves, eino_curves_03, eino_curves_01
D:10:     serial_ice, serial_ice_h, serial_ice_l, serial_ice_o, serial_ice_c,
          serial_ice_f, serial_ice_a, serial_ice_n, serial_ice_b,
          hangedman_fish_farm, grunt_decor_mini_mirrors, uniq_josephine,
          uniq_psyche
D:11:     nooodl_food_tri, uniq_erolcha, uniq_fannar
D:12:     portal_ice_cave_rime, minmay_diamond_spiral
D:13:     grunt_vaults_entry_tiered
D:14:     minmay_misc_feat_x, water_maze_lemuel
D:15:     grunt_enter_depths_snipers, nicolae_wwwww, minivault_14,
          serial_bayou_pond_e, minivault_12
Lair:1:   minivault_25
Lair:2:   minmay_shoals_entry_lonely_mermaid, spider_nest_entry_web_field,
          fungi_pond_lemuel
Lair:3:   st_stairs_6, serial_bayou_lagoon_b
Lair:4:   st_stairs_8, grunt_megastairs_2
Lair:5:   dpeg_slime_entry_enclosed_altar
Lair:6:   wormcave, hangedman_lair_in_review, uniq_kirke
Orc:1:    basic_altar
Orc:2:    st_orc_pillars
Depths:1: nrook_mini_backslash, pf_hell_entry_tar_spiral, serial_glass,
          glass_columns_b, glass_columns_a, hex_large, spider_trap,
          guppyfry_shop_venom
Sewer:    sewer_fruit_machine
IceCv:    ice_cave_small_necro

Skill      XL: |  1  2  3  4  5  6  7  8  9 10 11 12 13 14 15 |
---------------+----------------------------------------------+-----
Shields        | 3 4 5 |  5.0
Long Blades    | 2 3 4 5 6 8 10 11 13 15 16 17 18 | 18.7
Armour         | 3 4 5 6 |  6.8
Dodging        | 1 2 3 4 5 6 7 8 |  8.1
Invocations    | 2 4 6 7 9 10 11 13 14 | 14.2
Fighting       | 4 5 6 7 8 9 10 | 10.7

Action                   |  1- 3 |  4- 6 |  7- 9 | 10-12 | 13-15 || total
-------------------------+-------+-------+-------+-------+-------++-------
Melee: Long sword        |   122 |   131 |   405 |   189 |       ||   847
       Headbutt          |       |    27 |   130 |   206 |   418 ||   781
       Great sword       |       |       |       |   327 |   358 ||   685
       Scimitar          |       |       |       |       |   555 ||   555
Invok: Slouch            |       |       |       |     5 |     8 ||    13
Evoke: Wand              |       |       |       |     1 |     3 ||     4
  Use: Scroll            |     3 |     4 |    11 |     8 |    17 ||    43
       Potion            |     1 |     1 |     6 |     9 |     3 ||    20
 Stab: Distracted        |       |       |     3 |     4 |     5 ||    12
       Sleeping          |       |       |     1 |       |     5 ||     6
  Eat: Chunk             |     3 |     3 |     5 |     2 |    11 ||    24
       Bread ration      |       |     1 |     1 |     3 |     3 ||     8
Armor: Acid dragon scale |    64 |    58 |   223 |   214 |   359 ||   918
       Scale mail        |     2 |       |       |       |       ||     2
Dodge: Dodged            |    46 |    73 |   280 |   509 |   752 ||  1660
Block: Shield            |    40 |       |       |       |       ||    40
       Buckler           |     9 |    23 |   136 |    65 |   181 ||   414
       Rpst.: Long sword |    17 |    28 |    73 |    35 |       ||   153
       Great sword       |       |       |       |    94 |    79 ||   173
       Scimitar          |       |       |       |       |   101 ||   101
